 Dungeon Crawl Stone Soup version 0.30-a0-989-g0d87f670db (webtiles) character file.

Game seed: 16799355890235846175

333 BlueFish the Sneak (level 6, -2/58 HPs)
             Began as an Octopode Transmuter on Apr 2, 2023.
             Slain by a gnoll
             ... wielding a +0 flail
              (4 damage)
             ... on level 3 of the Dungeon.
             The game lasted 00:07:29 (3115 turns).

BlueFish the Sneak (Octopode Transmuter)            Turns: 3115, Time: 00:07:29

Health: -2/58      AC: 23    Str: 11    XL:     6   Next: 53%
Magic:  8/10       EV:  2    Int: 22    God:
Gold:   121        SH:  0    Dex: 12    Spells: 4/10 levels left

rFire   . . .      SeeInvis .      - Unarmed
rCold   . . .      Faith    .    (no shield)
rNeg    . . .      Spirit   .    (helmet currently unavailable)
rPois   +          Reflect  .    (no amulet)
rElec   .          Rampage  .    j - +6 ring of intelligence
rCorr   .          NoTele   +    (no ring)
Will    .....                    (no ring)
Stlth   ++                       (no ring)
HPRegen 0.29/turn                (no ring)
MPRegen 0.12/turn                (no ring)
                                 (no ring)
                                 (no ring)

@: tree-form, wereblooded
A: stationary, stasis, torment immunity, boosted hp, almost no armour,
(amphibious), 8 rings, (camouflage 1), (gelatinous body 1), (nimble swimmer 1),
(tentacles)
a: no special abilities


You were on level 3 of the Dungeon.
You were a tree.
You visited 1 branch of the dungeon, and saw 3 of its levels.

You collected 121 gold pieces.

Inventory:

Missiles
 c - a throwing net
 i - 25 stones
Armour
 h - a +0 kite shield
Jewellery
 j - a +6 ring of intelligence (left branch)
Wands
 n - a wand of charming (9)
Scrolls
 e - a scroll of vulnerability {unknown}
 g - a scroll of teleportation {unknown}
 k - 3 scrolls of identify {unknown}
 l - a scroll of poison {unknown}
 m - a scroll of fog {unknown}
Potions
 a - a potion of lignification
 b - 2 potions of curing {unknown}
 d - a potion of ambrosia {unknown}
 f - 2 potions of invisibility {unknown}
 o - a potion of flight {unknown}
 p - a potion of heal wounds {unknown}


   Skills:
 + Level 2.2 Fighting
 + Level 1.3 Throwing
 + Level 2.8 Dodging
 * Level 4.0 Stealth
 + Level 3.6 Unarmed Combat
 + Level 2.7 Spellcasting
 + Level 2.8 Transmutations
 * Level 2.4 Poison Magic


You had 4 spell levels left.
You knew the following spells:

 Your Spells              Type           Power      Damage    Failure   Level
a - Beastly Appendage     Tmut           30%        N/A       4%          1
b - Wereblood             Tmut           15%        N/A       6%          2
c - Spider Form           Tmut/Pois      14%        N/A       13%         3

Your spell library contained the following spells:

 Spells                   Type           Power      Damage    Failure   Level
 Magic Dart               Conj           12%        1d3       13%         1
 Call Imp                 Summ           3%         N/A       19%         2
 Mephitic Cloud           Conj/Pois/Air  6%         N/A       26%         3
 Ice Form                 Ice/Tmut       9%         N/A       56%         4


Dungeon Overview and Level Annotations

Branches:
Dungeon (3/15)

Altars:


Innate Abilities, Weirdness & Mutations

You are a tree.
Your roots penetrate the ground, keeping you stationary.
You cannot be teleported.
You are immune to unholy pain and torment.
Your maximum health is greatly increased.
You cannot wear most types of armour.
((You are amphibious.))
You can wear up to eight rings at the same time.
((Your skin changes colour to match your surroundings (Stealth+).))
((Your rubbery body absorbs attacks. (AC +1, EV +1)))
((You are camouflaged when in or above water. (Stealth+)))
((You have tentacles for arms and can constrict up to eight enemies at once.))


Message History

The gnolls pick up the pace!
The gnoll barely misses you.
You hear a shout! x2
You tentacle-slap the gnoll.
You pierce the gnoll.
The gnoll is severely wounded.
You constrict the gnoll, but do no damage.
An orc wizard comes into view. It is wielding a +0 dagger.
You tentacle-slap the gnoll.
The gnoll is almost dead.
You constrict the gnoll. The gnoll hits you with a +0 club!
Casting: Beastly Appendage (safe; 4% risk of failure)
Confirm with . or Enter, or press ? or * to list all spells.
Your blood is infused with primal strength.
You constrict the gnoll.
You feel a bit better.
You kill the gnoll!
You tentacle-slap the orc. You grab the orc.
You pierce the orc.
The orc is heavily wounded.
You constrict the orc.
The orc hits you with a +2 vampiric war axe!
The orc draws strength from your wounds!
You tentacle-slap the orc.
The orc is heavily wounded.
You constrict the orc.
The orc hits you with a +2 vampiric war axe!
* * * LOW HITPOINT WARNING * * *
The orc draws strength from your wounds!
You bludgeon the orc! You squeeze the orc.
You feel a bit better.
You kill the orc!
The orc wizard mumbles some strange words.
The orc wizard flickers and vanishes!
Deactivating autopickup; reactivate with Ctrl-A.
The gnoll hits you with a +0 flail!
* * * LOW HITPOINT WARNING * * *
Really quaff the potion of lignification?
Your tentacle spike disappears.
You turn into a tree.
Your roots penetrate the ground.
An orc comes into view. It is wielding a +0 dagger.
The gnoll hits you but does no damage.
You barely miss the gnoll. The gnoll hits you with a +0 flail.
You die...

################...#≈~P...#
'. #'###≈~....# o.
#.#.~≈~....# ?.
#.#.~~~..P.# ###.#.~≈~...)#
.og#.~~~....# .o#.≈~~....#
################g#.~~~....#
...#...........#♣#.~≈~....#
...'...........'.#.~~~....#
...#...........#'###≈~P...#
'''#############...#≈~....#
)..............#...#≈~....#
...~≈~~~≈~~~~~~#####≈~....#
...~≈≈≈≈≈≈≈≈≈≈≈~≈≈≈≈≈~....#
...~~~)))~≈~~~~~~~~~~~....#
.......)............P.....#


You could see a gnoll bouda, a gnoll (swift) and 3 orcs.

Vanquished Creatures
  A hound (D:2)
  An orc priest (D:3)
  Ijyb (D:3)
  An orc wizard (D:3)
  11 gnolls (D:3)
  2 adders
  A worm (D:2)
  2 dart slugs
  14 orcs (D:3)
  4 bats
  4 endoplasms
  A giant cockroach (D:2)
  4 goblins
  6 hobgoblins
  14 jackals
  2 quokkas
  3 ball pythons
  4 frilled lizards
  2 kobolds
  2 rats (D:2)
80 creatures vanquished.

Notes
Turn   | Place    | Note
-------+----------+-------------------------------------------
     0 | D:1      | BlueFish the Octopode Transmuter began the quest for the
                  | Orb.
     0 | D:1      | Reached XP level 1. HP: 13/13 MP: 3/3
   109 | D:1      | Reached skill level 1 in Stealth
   109 | D:1      | Reached XP level 2. HP: 18/18 MP: 5/5
   116 | D:1      | Learned a level 2 spell: Wereblood
  1012 | D:2      | Reached XP level 3. HP: 23/23 MP: 6/6
  1057 | D:1      | Reached skill level 2 in Stealth
  1477 | D:2      | Found a faded altar of an unknown god.
  1640 | D:3      | Learned a level 3 spell: Spider Form
  1685 | D:3      | Reached XP level 4. HP: 20/28 MP: 7/7
  2048 | D:3      | Noticed Ijyb
  2051 | D:3      | Reached skill level 3 in Stealth
  2051 | D:3      | Reached skill level 1 in Poison Magic
  2051 | D:3      | Reached XP level 5. HP: 20/34 MP: 8/8
  2212 | D:3      | Killed Ijyb
  2341 | D:3      | Reached skill level 1 in Throwing
  2656 | D:3      | Reached XP level 6. HP: 30/39 MP: 7/10
  2813 | D:3      | Identified the +6 trident of Honour {freeze, rPois rF- rC+
                  | rN+}
  3026 | D:3      | Reached skill level 4 in Stealth
  3113 | D:3      | HP: 1/39 [gnoll/+0 flail (13)]
  3115 | D:3      | Slain by a gnoll

Illustrated notes

Levels and vault maps discovered:
D:1:      evilmike_arrival_crescent, layout_basic
D:2:      layout_rooms, shapermc_ecumenical_altar_ellora, roderic_roman_lattice,
          st_stairs_3, chequers_mini_garden, grunt_ministairs_5,
          chequers_serial_rivers_micro_a
D:3:      lemuel_castle_with_subvaults [lemuel_castle_interior_carwin_1],
          layout_rooms, grunt_ministairs_2, uniq_ijyb

Skill      XL: |  1  2  3  4  5  6 |
---------------+-------------------+-----
Stealth        | 1 2 3 4 |  4.0
Poison Magic   | 1 2 |  2.4
Throwing       | 1 |  1.3
Fighting       | 2 |  2.2
Dodging        | |  2.8
Unarmed Combat | |  3.6
Spellcasting   | |  2.7
Transmutations | |  2.8

Action                     |  1- 3 |  4- 6 || total
---------------------------+-------+-------++-------
  Melee: Unarmed           |    73 |   116 ||   189
         Constrict         |    17 |    35 ||    52
         Tentacles         |    10 |    24 ||    34
         Kick              |     3 |    42 ||    45
         Punch             |     1 |     7 ||     8
   Cast: Beastly Appendage |     5 |    30 ||    35
         Spider Form       |       |     1 ||     1
         Wereblood         |       |     1 ||     1
    Use: Potion            |       |     1 ||     1
   Stab: Sleeping          |    12 |     1 ||    13
 Armour: Skin              |     7 |     2 ||     9
  Dodge: Dodged            |    41 |    43 ||    84

Table legend: (Time is in decaauts)
 A = Elapsed time spent in this place.
 B = Non-inter-level travel time spent in this place.
 C = Inter-level travel time spent in this place.
 D = Time resting spent in this place.
 E = Time spent auto-exploring this place.
 F = Levels seen in this place.
 G = Mean time per level.
                   A        B        C        D        E       F      G
               +--------+--------+--------+--------+--------+-----+--------+
         Total |   3106 |   2740 |    366 |      0 |   2014 |   3 | 1035.3 |
       Dungeon |   3106 |   2740 |    366 |      0 |   2014 |   3 | 1035.3 |
               +--------+--------+--------+--------+--------+-----+--------+

Top non-repeatable levels by time:
     D:3: 1160 daAuts
     D:1: 1008 daAuts
     D:2: 937 daAuts
